 Dungeon Crawl Stone Soup version 0.26-a0-631-ged93497179 (webtiles) character file.

Game seed: 5455210990227284545

183 DogServant the Vandal (level 5, -2/36 HPs)
             Began as a Halfling Hunter on Sept 12, 2020.
             Slain by Grinder (4 damage)
             ... while paralysed by Grinder
             ... on level 3 of the Dungeon.
             The game lasted 00:08:47 (3199 turns).

DogServant the Vandal (Halfling Hunter)             Turns: 3199, Time: 00:08:48

Health: -2/36      AC:  4    Str: 14    XL:     5   Next: 94%
Magic:  0/5        EV:  3    Int:  9    God:
Gold:   95         SH:  0    Dex: 15    Spells: 4/4 levels left

rFire    . . .     SeeInvis .   a - +1 hunting sling
rCold    . . .     Faith    .   (shield restricted)
rNeg     . . .     Spirit   +   c - +0 leather armour
rPois    .         Reflect  .   (no helmet)
rElec    .         Harm     .   k - +0 cloak
rCorr    .         Rampage  .   (no gloves)
MR       .....                  (no boots)
Stlth    ++........             m - amulet of guardian spirit
HPRegen  0.12/turn              (no ring)
MPRegen  0.09/turn              (no ring)

@: paralysed, stab, hasted
A: small, mutation resistance 1
a: no special abilities


You were on level 3 of the Dungeon.
You visited 1 branch of the dungeon, and saw 3 of its levels.

You collected 95 gold pieces.

Inventory:

Hand Weapons
 a - a +1 hunting sling (weapon)
 f - a +0 short sword
 o - a +0 antimagic dagger
Missiles
 d - 19 sling bullets (quivered)
 e - 91 stones
 i - 5 poisoned darts
Armour
 c - a +0 leather armour (worn)
 k - a +0 cloak (worn)
Jewellery
 j - an uncursed amulet of regeneration {unknown}
 m - an amulet of guardian spirit (around neck)
Scrolls
 l - a scroll of remove curse


   Skills:
 + Level 2.8 Fighting
 + Level 2.6 Short Blades
 * Level 7.8 Slings
 + Level 2.9 Dodging
 - Level 1.1 Stealth


You had 4 spell levels left.
You didn't know any spells.
Your spell library was empty.

Dungeon Overview and Level Annotations

Branches:
Dungeon (3/15)

Altars:

Annotations:
D:3 Grinder


Innate Abilities, Weirdness & Mutations

You are small and have problems with some larger weapons.
You are somewhat resistant to further mutation.


Message History

Grinder hits you!
You writhe in agony.
* * * LOW HITPOINT WARNING * * *
Firing (i - inventory. (/) - cycle)
d - 19 sling bullets (quivered)
Press: ? - help, Shift-Dir - straight line, f/p - Grinder
Aim: Grinder (heavily wounded)
Okay, then.
It was a potion of magic.
Magic courses through your body. Grinder hits you but does no damage.
It was a potion of stabbing.
You feel ready to backstab. Grinder gestures at you.
Pain shoots through your body!
* * * LOW HITPOINT WARNING * * *
It was a potion of haste.
You feel yourself speed up. Grinder misses you. Grinder gestures at you.
You suddenly lose the ability to move!
Grinder hits you!
* * * LOW HITPOINT WARNING * * *
You writhe in agony.
You die...

# #....#.#
##.#####.##.#
##.......##.#
#######..##.#########
##### #.............#
....# #.###.#######.#
###.###.###.#.....#.#
###.##......#.###.#.#
##...(......#.#.@.#.#
##.g.......##.#5###.#
#.........##.......#
##.........#..#.#####
.....(.((..(..#.#
###.########.##.#
#.....# #....#
#####.# ######
#5#######


You could see Grinder.

Vanquished Creatures
  An iguana (D:2)
  Natasha (thrice) (D:2)
  An ooze (D:1)
  4 worms (D:2)
  2 dart slugs (D:1)
  An orc (D:3)
  2 giant cockroaches
  9 goblins
  6 hobgoblins
  10 jackals
  A quokka (D:2)
  A ball python (D:2)
  4 bats
  3 frilled lizards (D:1)
  7 kobolds
  6 rats
61 creatures vanquished.

Notes
Turn   | Place    | Note
-------+----------+-------------------------------------------
     0 | D:1      | DogServant the Halfling Hunter began the quest for the Orb.
     0 | D:1      | Reached XP level 1. HP: 14/14 MP: 1/1
    15 | D:1      | Reached skill level 6 in Slings
    23 | D:1      | Reached XP level 2. HP: 19/19 MP: 2/2
   460 | D:1      | Reached XP level 3. HP: 24/24 MP: 3/3
   473 | D:1      | Reached skill level 1 in Short Blades
  2002 | D:2      | Reached XP level 4. HP: 30/30 MP: 4/4
  2037 | D:2      | Reached skill level 7 in Slings
  2158 | D:2      | Noticed Natasha
  2166 | D:2      | Killed Natasha
  2166 | D:2      | Reached XP level 5. HP: 26/35 MP: 5/5
  2218 | D:2      | Noticed Natasha
  2226 | D:2      | Killed Natasha
  2376 | D:2      | Noticed Natasha
  2384 | D:2      | Killed Natasha
  2984 | D:3      | Noticed Grinder
  3196 | D:3      | Paralysed by Grinder for 4 turns
  3199 | D:3      | Slain by Grinder

Illustrated notes

Levels and vault maps discovered:
D:1:      scummos_arrival_forest, layout_basic
D:2:      layout_loops_ring, uniq_natasha
D:3:      layout_basic, uniq_grinder

Skill      XL: |  1  2  3  4 |
---------------+-------------+-----
Slings         | 6 7 |  7.8
Fighting       | 2 |  2.8
Short Blades   | 1 2 |  2.6
Dodging        | |  2.9
Stealth        | |  1.1

Action                   |  1- 3 |  4- 6 || total
-------------------------+-------+-------++-------
Melee: Short sword       |   156 |    72 ||   228
 Fire: Hunting sling     |    11 |    57 ||    68
Throw: Dart              |       |     2 ||     2
  Use: Scroll            |       |     5 ||     5
       Potion            |       |     3 ||     3
 Stab: Sleeping          |     3 |       ||     3
Armor: Leather armour    |    36 |    22 ||    58
Dodge: Dodged            |   132 |    65 ||   197

Table legend: (Time is in decaauts)
 A = Elapsed time spent in this place.
 B = Non-inter-level travel time spent in this place.
 C = Inter-level travel time spent in this place.
 D = Time resting spent in this place.
 E = Time spent auto-exploring this place.
 F = Levels seen in this place.
 G = Mean time per level.
                   A        B        C        D        E       F      G
               +--------+--------+--------+--------+--------+-----+--------+
         Total |   3189 |   2988 |    201 |    228 |   2122 |   3 | 1063.0 |
       Dungeon |   3189 |   2988 |    201 |    228 |   2122 |   3 | 1063.0 |
               +--------+--------+--------+--------+--------+-----+--------+

Top non-repeatable levels by time:
     D:1: 1951 daAuts
     D:2: 815 daAuts
     D:3: 423 daAuts
